 Dungeon Crawl Stone Soup version 0.28-a0-511-gcc94558de3 (webtiles) character file.

Game seed: 18185425345398709686

51 Leszczynek the Chopper (level 4, 33/33 HPs)
             Began as a Human Gladiator on Sept 22, 2021.
             Was a Follower of Wu Jian.
             Quit the game on level 3 of the Dungeon.
             The game lasted 00:06:34 (696 turns).

Leszczynek the Chopper (Human Gladiator)             Turns: 696, Time: 00:06:35

Health: 33/33      AC:  8    Str: 16    XL:     4   Next: 7%
Magic:  4/4        EV: 11    Int:  8    God:    Wu Jian [*.....]
Gold:   81         SH:  0    Dex: 14    Spells: 3/3 levels left

rFire   . . .      SeeInvis .   a - +0 war axe
rCold   . . .      Faith    .   (no shield)
rNeg    . . .      Spirit   .   e - +0 ring mail
rPois   .          Reflect  .   c - +0 helmet
rElec   .          Harm     .   (no cloak)
rCorr   .          Rampage  .   g - +0 pair of gloves
Will    .....                   i - +0 pair of boots
Stlth   +.........              (no amulet)
HPRegen 0.11/turn               (no ring)
MPRegen 0.09/turn               (no ring)

@: no status effects
A: no striking features
a: Renounce Religion


You were on level 3 of the Dungeon.
You worshipped Wu Jian.
Wu Jian was aware of your devotion.
You visited 1 branch of the dungeon, and saw 3 of its levels.

You collected 81 gold pieces.

Inventory:

Hand Weapons
 a - a +0 war axe (weapon)
Missiles
 d - a throwing net (quivered)
 k - 14 poisoned darts
Armour
 c - a +0 helmet (worn)
 e - a +0 ring mail (worn)
 g - a +0 pair of gloves (worn)
 i - a +0 pair of boots (worn)
Scrolls
 b - a scroll of identify {unknown}
 f - 2 scrolls of fear {unknown}
 h - a scroll of enchant armour {unknown}
Potions
 j - a potion of curing {unknown}
 l - 2 potions of heal wounds {unknown}
 m - a potion of flight {unknown}


   Skills:
 - Level 2.0 Fighting
 + Level 4.6 Axes
 - Level 2.0 Throwing
 - Level 3.0 Dodging


You had 3 spell levels left.
You didn't know any spells.
Your spell library contained the following spells:

 Spells                   Type           Power      Damage    Failure   Level
 Animate Skeleton         Necr           0%         N/A       63%         1
 Apportation              Tloc           0%         N/A       63%         1
 Summon Small Mammal      Summ           0%         N/A       63%         1
 Slow                     Hex            0%         N/A       77%         2
 Confusing Touch          Hex            0%         N/A       94%         3
 Vampiric Draining        Necr           0%         2d6       94%         3


Dungeon Overview and Level Annotations

Branches:
Dungeon (3/15)

Altars:
Wu Jian


Message History

You see here a golden potion.
m - a golden potion You closely miss the goblin.
The goblin closely misses you.
You hit the goblin.
The goblin is severely wounded.
The goblin hits you with a +0 dagger. The goblin hits you but does no damage.
You closely miss the goblin.
The goblin is severely wounded.
The goblin completely misses you.
You slash the goblin!
You kill the goblin!
No target in view!
No target in view!
Things that are here:
a +0 dagger; a goblin corpse
There is a stone staircase leading down here.
You climb downwards.
The frilled lizard hisses angrily.
Found a hand axe.
There is a stone staircase leading up here.
Found 19 gold pieces.
The bat hits you but does no damage.
Unknown command.
You slash the bat!
You kill the bat!
You slash the frilled lizard!
You kill the frilled lizard!
Found a dagger.
Found a faded altar of an unknown god.
You now have 81 gold pieces (gained 19).
Found a dagger.
There is a faded altar of an unknown god here.
You see here a +0 dagger.
You cannot tell which god this altar belongs to.
Convert to them anyway?
Wu Jian accepts your prayer! The Council welcomes you!
You can now perform damaging attacks by moving towards foes.
You can now lightly attack monsters by moving around them.
Enter note: ugh
Okay, then.
Enter note: if i wanted to play sil, i'd play sil Are you sure you want to abandon this character and quit the game? (Confirm with "yes".)

# .. ###### ###### #.
#....# .... #.##....#
##..### ........#
##.....#
........#####......####
.#.....###......@...).#
......................#
#.#<..................#
##..................#
##+##..............#
#.#.############
#.#......# #.######.#
#.#


There were no monsters in sight!

Vanquished Creatures
  An adder (D:2)
  A dart slug (D:1)
  3 ball pythons
  3 endoplasms (D:1)
  2 giant cockroaches (D:1)
  5 goblins
  3 hobgoblins (D:1)
  6 kobolds (D:1)
  2 quokkas (D:1)
  7 bats
  A frilled lizard (D:3)
  3 rats
37 creatures vanquished.

Notes
Turn   | Place    | Note
-------+----------+-------------------------------------------
     0 | D:1      | Leszczynek the Human Gladiator began the quest for the Orb.
     0 | D:1      | Reached XP level 1. HP: 16/16 MP: 1/1
     0 | D:1      | this sure goes well
     9 | D:1      | Noticed a bullfrog
    47 | D:1      | Reached XP level 2. HP: 14/22 MP: 2/2
   256 | D:1      | Reached skill level 4 in Axes
   256 | D:1      | Reached XP level 3. HP: 26/27 MP: 3/3
   569 | D:2      | Reached XP level 4. HP: 33/33 MP: 4/4
   682 | D:3      | Found a faded altar of an unknown god.
   695 | D:3      | Became a worshipper of the Wu Jian Council
   695 | D:3      | Reached * piety under Wu Jian
   696 | D:3      | ugh
   696 | D:3      | if i wanted to play sil, i'd play sil
   696 | D:3      | Quit the game

Illustrated notes ######### #@....... #.######. #.# #.# #.# #.# #.# #.. Turn 0 on D:1: this sure goes well

# .. ###### ###### #.
#....# .... #.##....#
##..### ........#
##.....#
........#####......####
.#.....###......@...).#
......................#
#.#<..................#
##..................#
##+##..............#
#.#.############
#.#......# #.######.#
#.#


Turn 696 on D:3: ugh

Levels and vault maps discovered:
D:1:      evilmike_arrival_come_back, layout_rooms, minmay_pentomino_o4
D:2:      layout_basic
D:3:      layout_basic, okawaru_metal_pillars_1_2,
          ebering_ecumenical_altar_sacrificial, uniq_grinder, uniq_robin,
          uniq_terence

Skill      XL: |  1  2 |
---------------+-------+-----
Axes           | 4 |  4.6
Fighting       | |  2.0
Throwing       | |  2.0
Dodging        | |  3.0

Action                   |  1- 3 |  4- 6 || total
-------------------------+-------+-------++-------
Melee: War axe           |    95 |     6 ||   101
Throw: Throwing net      |     2 |       ||     2
 Stab: Held in net/web   |     1 |       ||     1
Armor: Leather armour    |    11 |       ||    11
       Ring mail         |    35 |     2 ||    37
Dodge: Dodged            |    76 |     2 ||    78

Table legend: (Time is in decaauts)
 A = Elapsed time spent in this place.
 B = Non-inter-level travel time spent in this place.
 C = Inter-level travel time spent in this place.
 D = Time resting spent in this place.
 E = Time spent auto-exploring this place.
 F = Levels seen in this place.
 G = Mean time per level.
                   A        B        C        D        E       F      G
               +--------+--------+--------+--------+--------+-----+--------+
         Total |    726 |    682 |     44 |      0 |      0 |   3 |  242.0 |
       Dungeon |    726 |    682 |     44 |      0 |      0 |   3 |  242.0 |
               +--------+--------+--------+--------+--------+-----+--------+

Top non-repeatable levels by time:
     D:1: 467 daAuts
     D:2: 236 daAuts
     D:3: 22 daAuts
